 Dungeon Crawl Stone Soup version 0.30.1-3-gfc49f6343a (webtiles) character file.

Game seed: 13102392472399008007

4993 Zeor the Carver (level 10, -7/74 HPs)
             Began as a Demonspawn Gladiator on Aug 4, 2023.
             Was a Believer of Wu Jian.
             Mangled by a two-headed ogre
             ... wielding a +0 giant club
              (9 damage)
             ... on level 9 of the Dungeon.
             The game lasted 00:28:22 (7091 turns).

Zeor the Carver (Demonspawn Gladiator)              Turns: 7091, Time: 00:28:23

Health: -7/74      AC: 12    Str: 14    XL:     10   Next: 29%
Magic:  10/10      EV: 11    Int: 11    God:    Wu Jian [**....]
Gold:   465        SH:  0    Dex: 18    Spells: 9/9 levels left

rFire   . . .        a - +3 great sword (flame)
rCold   . . .        (shield currently unavailable)
rNeg    . . .        s - +1 scale mail {rPois}
rPois   +            g - +2 hat
rElec   .            (no cloak)
rCorr   .            F - +0 pair of gloves {infuse}
SInv    +            f - +0 pair of boots
Will    +....        (no amulet)
Stlth   +            h - ring of willpower
HPRegen 0.32/turn    y - ring of see invisible
MPRegen 0.12/turn

%: infuse magic (1 MP)
@: about to teleport, marked
A: antennae 1, ignite blood 2, powered by pain 1, weakness stinger 1, demonic
touch 1
a: Renounce Religion, Wall Jump


You were on level 9 of the Dungeon.
You worshipped Wu Jian.
Wu Jian was pleased with you.
You visited 1 branch of the dungeon, and saw 9 of its levels.
You also visited: Sewer.

You collected 555 gold pieces.
You spent 90 gold pieces at shops.

Inventory:

Hand Weapons
 a - a +3 great sword of flaming (weapon)
 b - the +6 sling "Wuoxec" {heavy, rF+++ rC- Will- Dex+5}
   (You found it on level 8 of the Dungeon)

   Dex:       It affects your dexterity (+5).
   rF:        It renders you almost immune to fire.
   rC:        It makes you vulnerable to cold.
   Will:      It decreases your willpower.
 t - a +5 battleaxe of freezing
 C - a +0 scimitar
 J - a +2 long sword
 K - the +10 sling "Axo Favoyf" {drain, Dex+3}
   (You found it on level 3 of the Dungeon)

   Dex:       It affects your dexterity (+3).
Missiles
 d - a throwing net (quivered)
 e - a javelin
 k - 30 poisoned darts
 r - a curare-tipped dart
Armour
 f - a +0 pair of boots (worn)
 g - a +2 hat (worn)
 p - a +3 chain mail
 s - a +1 scale mail of poison resistance (worn)
 u - a scarf of harm
 F - a +0 pair of gloves of infusion (worn)
Jewellery
 h - a ring of willpower (left hand)
 o - a ring of protection from fire
 y - a ring of see invisible (right hand)
 E - a ring of flight
Wands
 j - a wand of paralysis (5)
 z - a wand of roots (5)
 A - a wand of flame (37)
Scrolls
 v - 4 scrolls of poison
 w - a scroll of teleportation
 x - 4 scrolls of identify
 B - a scroll of fog
 G - a scroll of silence
 H - a scroll of enchant weapon
 I - a scroll of brand weapon
Potions
 c - a potion of resistance
 i - 2 potions of might
 m - 2 potions of curing
 n - 3 potions of cancellation
 q - 3 potions of flight


   Skills:
 + Level 5.2 Fighting
 * Level 11.9 Long Blades
 + Level 2.0 Throwing
 + Level 4.6 Armour
 + Level 4.3 Dodging
 + Level 1.6 Stealth


You had 9 spell levels left.
You didn't know any spells.
Your spell library contained the following spells:

 Spells                   Type           Power      Damage    Failure   Level
 Summon Guardian Golem    Hex/Summ       0%         N/A       99%         3
 Passage of Golubria      Tloc           0%         N/A       100%        4
 Silence                  Hex/Air        0%         N/A       100%        5
 Orb of Destruction       Conj           0%         9d5       100%        7
 Spellforged Servitor     Conj/Summ      0%         N/A       100%        7
 Lehudib's Crystal Spear  Conj/Erth      0%         10d2      100%        8


Dungeon Overview and Level Annotations

Branches:
Dungeon (9/15)             Temple (0/1) D:6           Sewer (visited)
   Lair: D:8-11         Orc: D:9-12

Altars:
Dithmenos
Gozag
Makhleb
Sif Muna
Trog
Wu Jian
Xom

Shops:
D:1 ?   D:8 (


Innate Abilities, Weirdness & Mutations

You have a pair of small antennae on your head.
Your demonic aura often causes spilled blood to erupt in flames.
You sometimes gain a little power by taking damage.
You have a small tail.
Your touch may inflict minor irresistible damage on your foes.


Message History

Your surroundings suddenly seem different.
Found 5 stones.
Found 3 poisoned darts.
k - 30 poisoned darts (gained 3)
A two-headed ogre comes into view.
It is wielding a +0 giant club and a +0 giant spiked club.
A wyvern comes into view.
Found a potion of lignification.
The wyvern moves out of view.
A wight comes into view. It is wielding a +0 scimitar.
Okay, then.
The two-headed ogre attacks as you move away!
The two-headed ogre closely misses you.
The two-headed ogre hits you with a +0 giant spiked club.
* * * LOW HITPOINT WARNING * * *
A troll comes into view.
An orc warrior comes into view. It is wielding a +0 mace.
You feel much better.
An orc warrior comes into view. It is wielding a +0 mace.
The two-headed ogre hits you with a +0 giant club!!
* * * LOW HITPOINT WARNING * * *
The two-headed ogre closely misses you.
Found 33 gold pieces.
Found a sling.
The two-headed ogre is engulfed in blazing flames.
The two-headed ogre is engulfed in blazing flames.
The wyvern is engulfed in blazing flames.
A killer bee comes into view.
The killer bee moves out of view.
Found 18 gold pieces and a potion of curing.
Found 25 gold pieces.
A killer bee comes into view. x2
Found 9 stones.
As you read the scroll of teleportation, it crumbles to dust.
You feel strangely unstable. The wyvern attacks as you move away!
The wyvern bites you but does no damage.
The two-headed ogre attacks as you move away!
The two-headed ogre hits you with a +0 giant club!!
* * * LOW HITPOINT WARNING * * *
The two-headed ogre hits you with a +0 giant spiked club!
You die...

∙∙ ▒∙ ▒∙∙▒o▒ ▒∙ ∙∙ ∙∙8
!∙∙∙∙▒∙▒
▒∙▒▒▒∙▒▒▒▒▒∙▒▒▒▒▒∙▒▒▒∙▒
▒∙∙∙∙∙∙∙▒∙∙∙∙∙▒∙∙T∙∙ly▒
▒▒∙(∙∙∙∙▒!)∙$∙▒y▒▒▒▒z▒▒
∙∙▒∙∙∙∙∙∙∙∙$∙∙z∙▒▒∙∙∙▒
▒∙∙∙∙∙∙∙▒∙$∙$∙▒∙∙∙∙▒▒▒
▒∙∙∙∙∙▒∙∙∙∙∙▒∙∙▒▒▒
▒∙∙∙∙6▒▒▒∙▒▒▒∙∙▒
▒∙∙∙∙∙Ol∙∙∙∙z∙∙▒
▒∙∙∙∙∙∙y∙▒∙∙∙∙∙▒
▒▒▒▒▒▒▒▒▒▒▒▒▒▒▒▒


You could see a skeletal warrior, a two-headed ogre, a wyvern and a killer bee.

Vanquished Creatures
  A two-headed ogre (D:5)
  A hornet (D:7)
  Sigmund (D:2)
  A wraith (D:9)
  6 yaks (D:8)
  Menkaure (D:7)
  2 water moccasins
  An ice beast (D:7)
  An orc warrior (D:7)
  An ogre (D:6)
  4 kobold brigands
  8 bullfrogs
  An elf zombie (D:5)
  An elf skeleton (D:5)
  2 scorpions (D:6)
  7 wights
  5 howler monkeys
  3 human zombies (D:5)
  A hound (D:6)
  A sleepcap (D:6)
  6 orc priests
  6 iguanas
  Terence (D:3)
  4 orc wizards
  2 human skeletons (D:5)
  A river rat (Sewer)
  5 adders
  A shadow imp (D:8)
  4 white imps
  2 worms
  A dart slug (D:3)
  25 orcs
  6 bats
  5 endoplasms
  7 giant cockroaches
  6 hobgoblins
  5 jackals
  25 kobolds
  6 quokkas
  6 ball pythons
  A frilled lizard (D:1)
  4 goblins
  4 orc skeletons (D:5)
  4 rats
186 creatures vanquished.

Notes
Turn   | Place    | Note
-------+----------+-------------------------------------------
     0 | D:1      | Zeor the Demonspawn Gladiator began the quest for the Orb.
     0 | D:1      | Reached XP level 1. HP: 16/16 MP: 1/1
    14 | D:1      | Found Huroyke's Magic Scroll Boutique.
   451 | D:1      | Discovered your monstrous ancestry.
   451 | D:1      | Gained mutation: You have a small tail. [demonic ancestry]
   451 | D:1      | Reached XP level 2. HP: 22/22 MP: 2/2
   665 | D:1      | Reached skill level 3 in Long Blades
  1271 | D:2      | Noticed Sigmund
  1292 | D:2      | Killed Sigmund
  1293 | D:2      | Reached skill level 4 in Long Blades
  1293 | D:2      | Reached skill level 1 in Armour
  1293 | D:2      | Gained mutation: Your demonic aura sometimes causes spilled
                  | blood to erupt in flames. [demonic ancestry]
  1293 | D:2      | Reached XP level 3. HP: 27/28 MP: 3/3
  1293 | D:2      | Gained mutation: Your touch may inflict minor irresistible
                  | damage on your foes. [demonic ancestry]
  1293 | D:2      | Reached XP level 4. HP: 33/34 MP: 4/4
  1293 | D:2      | Reached XP level 5. HP: 38/39 MP: 5/5
  1764 | D:3      | Noticed Terence
  1772 | D:3      | Killed Terence
  1812 | D:3      | Identified the +10 sling "Axo Favoyf" {drain, Dex+3}
  1820 | D:3      | You fall into a shaft and drop 3 floors!
  1843 | D:6      | Gained mutation: You have a pair of small antennae on your
                  | head. [demonic ancestry]
  1843 | D:6      | Reached XP level 6. HP: 22/46 MP: 6/6
  1848 | D:6      | Reached skill level 5 in Long Blades
  1855 | D:5      | Entered Level 5 of the Dungeon
  2026 | D:6      | Reached skill level 1 in Stealth
  2105 | D:6      | Found a glowing drain.
  2126 | Sewer    | Entered a sewer
  2201 | Sewer    | Gained mutation: Your demonic aura often causes spilled
                  | blood to erupt in flames. [demonic ancestry]
  2201 | Sewer    | Reached XP level 7. HP: 9/52 MP: 7/7
  2205 | Sewer    | HP: 1/52 [kobold/+0 whip (2)]
  2686 | D:5      | Reached skill level 6 in Long Blades
  2837 | D:5      | Found a shadowy altar of Dithmenos.
  2940 | D:5      | Reached XP level 8. HP: 47/58 MP: 8/8
  2953 | D:5      | Reached skill level 7 in Long Blades
  3415 | D:3      | Found a shimmering altar of Xom.
  3605 | D:3      | Found Zin's Purification Station.
  3613 | D:3      | Bought a potion of curing for 90 gold pieces
  3719 | D:3      | Found an ornate altar of the Wu Jian Council.
  3958 | D:3      | Became a worshipper of the Wu Jian Council
  4706 | D:5      | Found a bloodstained altar of Trog.
  4714 | D:5      | Noticed a two-headed ogre
  4726 | D:5      | Killed a two-headed ogre
  4727 | D:5      | Reached skill level 8 in Long Blades
  5057 | D:6      | Found a staircase to the Ecumenical Temple.
  5116 | D:6      | Found a shimmering blue altar of Sif Muna.
  5127 | D:6      | Reached skill level 9 in Long Blades
  5127 | D:6      | Gained mutation: You sometimes gain a little power by
                  | taking damage. [demonic ancestry]
  5127 | D:6      | Reached XP level 9. HP: 65/65 MP: 9/9
  5266 | D:6      | Found an opulent altar of Gozag.
  5395 | D:7      | Reached * piety under Wu Jian
  5495 | D:7      | Found a burning altar of Makhleb.
  5568 | D:7      | Noticed Menkaure
  5575 | D:7      | Killed Menkaure
  5576 | D:7      | Reached skill level 10 in Long Blades
  5967 | D:8      | Reached skill level 5 in Fighting
  6098 | D:8      | Reached ** piety under Wu Jian
  6194 | D:8      | Reached skill level 11 in Long Blades
  6264 | D:8      | Reached XP level 10. HP: 71/74 MP: 6/10
  6568 | D:8      | Found Eherawk's Weapon Emporium.
  6777 | D:8      | Identified the +6 sling "Wuoxec" {heavy, rF+++ rC- Will-
                  | Dex+5}
  7001 | D:9      | Noticed a skeletal warrior
  7005 | D:9      | Noticed a skeletal warrior
  7005 | D:9      | Noticed a skeletal warrior
  7007 | D:9      | Noticed a skeletal warrior
  7046 | D:9      | Noticed a skeletal warrior
  7066 | D:9      | Noticed a two-headed ogre
  7091 | D:9      | HP: 2/74 [two-headed ogre/+0 giant club (18)]
  7091 | D:9      | Mangled by a two-headed ogre

Illustrated notes

Levels and vault maps discovered:
D:1:      eino_arrival_cavern_b, layout_basic, serial_shops, shop,
          ebering_dispersal_statue_hall, minmay_gold_behind_fungi
D:2:      layout_basic, uniq_sigmund
D:3:      layout_basic, zin_purify, lemuel_doored_altar,
          mainiacjoe_overflow_surrounded_room,
          mainiacjoe_overflow_catch_the_wave, uniq_terence
D:4:      layout_basic
D:5:      minmay_polygon_palace, layout_loops_cross, grunt_dithmenos_smoke,
          mainiacjoe_overflow_cross_hatched, nicolae_ossuary_entry_catacombs
D:6:      layout_cave_pools, marbit_many_paths, kennysheep_mini_moat,
          minmay_temple_entry_statues_pillars, gup_sewer_entry_pipe,
          grunt_ministairs_15
D:7:      layout_rooms, kennysheep_mini, uniq_menkaure
D:8:      layout_loops_corners, serial_shops, nicolae_square_shop
D:9:      layout_rooms, serial_shops, nicolae_shop_real_fake_doors,
          minmay_chambers_of_fives

Skill      XL: |  1  2  3  4  5  6  7  8  9 |
---------------+----------------------------+-----
Long Blades    | 4 5 6 9 11 | 11.9
Throwing       | 2 |  2.0
Armour         | 1 2 3 4 |  4.6
Dodging        | 3 4 |  4.3
Stealth        | 1 |  1.6
Fighting       | 3 4 5 |  5.2

Action                     |  1- 3 |  4- 6 |  7- 9 | 10-12 || total
---------------------------+-------+-------+-------+-------++-------
  Melee: Long sword        |    51 |    98 |    31 |       ||   180
         Tailslap          |     1 |    12 |    42 |     4 ||    59
         Punch             |     1 |     1 |     1 |       ||     3
         Touch             |       |    15 |     5 |       ||    20
         Great sword       |       |       |   245 |    28 ||   273
  Throw: Throwing net      |       |       |     2 |       ||     2
Ability: Lunge             |       |       |    33 |     6 ||    39
         Whirlwind         |       |       |     7 |     2 ||     9
    Use: Scroll            |     8 |       |     7 |     4 ||    19
         Potion            |     2 |    10 |       |     1 ||    13
   Stab: Invisible         |     1 |       |       |       ||     1
 Armour: Leather armour    |    17 |       |       |       ||    17
         Skin              |    22 |     8 |       |       ||    30
         Scale mail        |       |    66 |    92 |    13 ||   171
         Chain mail        |       |    15 |       |       ||    15
  Dodge: Dodged            |    25 |    68 |   137 |    11 ||   241
